Map: Prion Terraces

Players

TargA

  • Race: Zerg Zerg
  • League: Grandmaster

AcerBly (Bly) - Winner!

  • Race: Zerg Zerg
  • League: Grandmaster

Event: NationWars III

VOD

Have the link to the VOD?

Description

Time

  • Played on: Dec. 3, 2015, 1:04 p.m.
  • Length: 8:34
Show
View Real Time Build Order
Export as new Build Order

TargA Zerg 

Build Orders: Pool First 

Get SALT Encoding   

  12  0:01  Drone  
  13  0:15  Drone, Extractor  
  13  0:27  Spawning Pool  
  12  0:33  Drone  
  13  0:38  Drone  
  14  0:47  Overlord  
  14  1:14  Metabolic Boost, Queen  
  14  1:16  Zergling x2  
  17  1:19  Zergling x2  
  17  1:23  Zergling x2  
  19  1:27  Zergling x2  
  20  1:38  Overlord  
  20  1:43  Baneling Nest  
  19  1:50  Zergling x2  
  20  2:00  Zergling x2  
  21  2:11  Zergling x2  
  22  2:23  Drone  
  22  2:24  Drone, Queen  
  25  2:32  Overlord  
  25  2:42  Baneling  
  21  2:56  Drone x3  
  21  2:57  Zergling x2  
  22  2:59  Baneling  
  22  3:03  Baneling  
  22  3:08  Drone  
  22  3:17  Zergling x4  
  23  3:36  Zergling x8  
  26  3:45  Drone  
  27  3:58  Baneling x2  
  27  4:04  Hatchery  
  27  4:09  Zergling x2  
  27  4:15  Baneling  
  27  4:20  Drone x3  
  24  4:40  Zergling x6  
  26  4:57  Zergling x8  
  30  5:08  Zergling x2  
  30  5:09  Baneling  
  30  5:10  Baneling x2  
  31  5:17  Baneling  
  31  5:19  Drone x2  
  33  5:25  Drone x3  
  36  5:29  Drone x2  
  38  5:40  Overlord  
  38  5:41  Drone  
  38  5:48  Drone x3  
  41  5:56  Roach Warren  
  40  5:58  Extractor  
  40  6:01  Drone  
  40  6:02  Drone x3  
  43  6:10  Overlord  
  43  6:11  Overlord  
  42  6:26  Overlord  
  42  6:40  Roach x8  
  62  6:47  Roach x2  
  64  6:54  Roach x2  
  64  6:57  Overlord  
  66  7:03  Roach x2  
  70  7:10  Ravager x2  
  70  7:14  Zergling x2  
  70  7:15  Zergling x6  
  76  7:16  Overlord  
  76  7:21  Overlord  
  69  7:41  Zergling x8  
  52  7:49  Roach x2  
  48  7:57  Roach  
  48  7:58  Roach  
  40  8:11  Roach x4  
  44  8:20  Ravager  
Show
View Real Time Build Order
Export as new Build Order

AcerBly Zerg - Winner!

Build Orders: Pool First, Zergling Baneling 

Get SALT Encoding   

  12  0:01  Drone  
  13  0:11  Drone  
  14  0:15  Extractor  
  13  0:27  Spawning Pool  
  12  0:32  Drone  
  13  0:36  Drone  
  14  0:45  Drone, Extractor  
  15  0:56  Overlord  
  15  1:14  Metabolic Boost, Queen  
  17  1:19  Zergling x2  
  17  1:23  Zergling x2  
  19  1:27  Zergling x2  
  20  1:40  Baneling Nest  
  20  1:42  Zergling x2  
  20  1:51  Zergling x2  
  21  2:00  Overlord  
  21  2:08  Zergling x2  
  22  2:19  Zergling x2  
  23  2:26  Baneling  
  23  2:27  Baneling x3  
  23  2:31  Zergling x2  
  23  2:32  Zergling x4  
  23  2:35  Overlord  
  22  2:55  Zergling x2  
  22  2:57  Drone  
  23  2:59  Baneling x2  
  23  3:01  Queen  
  25  3:10  Drone x2  
  25  3:11  Drone  
  28  3:14  Drone  
  25  3:41  Zergling x4  
  26  3:46  Zergling x4  
  26  3:47  Zergling x4  
  29  4:01  Baneling x4  
  29  4:04  Drone  
  29  4:05  Hatchery  
  29  4:16  Drone x3  
  32  4:17  Drone  
  32  4:19  Baneling  
  30  4:39  Zergling x2  
  30  4:40  Zergling x2  
  30  4:43  Overlord  
  30  4:45  Extractor  
  29  5:02  Drone x3  
  32  5:09  Drone  
  32  5:17  Queen  
  32  5:20  Roach Warren, Drone x4  
  36  5:29  Zergling x2  
  37  5:41  Drone x3  
  40  5:53  Baneling x2  
  40  5:57  Overlord x2  
  40  6:13  Roach x5  
  50  6:20  Roach  
  52  6:28  Roach x4  
  52  6:29  Overlord  
  52  6:30  Overlord  
  60  6:48  Zergling x8  
  64  6:58  Zergling x8  
  64  6:59  Overlord  
  64  7:00  Overlord  
  68  7:02  Zergling x4  
  68  7:05  Ravager x5  
  75  7:09  Zergling x2  
  75  7:10  Baneling x2  
  76  7:17  Zergling x2  
  76  7:18  Zergling x2  
  78  7:24  Overlord  
  72  7:38  Zergling x12  
  66  7:50  Zergling x2  
  66  7:51  Zergling x2  
  62  7:52  Zergling x6  
  62  7:57  Ravager  
  63  7:59  Zergling x8  
  63  8:05  Zergling x2  
  65  8:10  Ravager  
  73  8:30  Hatchery  
Tags
 
Add a new tag
Caveats
  • Supply blocks, unpowered buildings, or Contaminate may cause inaccurate times.
  • Supply counts are checked every 10 seconds.